Blackhawks vs Jets
Created - May 1, 2019 at 19:29
Goals
|
| Blackhawks |
2 |
0 |
2 |
4 |
| Jets |
1 |
2 |
3 |
6 |
|
Shots
|
| Blackhawks |
8 |
7 |
19 |
34 |
| Jets |
17 |
11 |
11 |
39 |
|
1st period
1. Jets , Corey Perry 34 (Jacob Trouba 12) at 0:40
2. Blackhawks , Peter Regin 13 (Mike Green 38, Joni Pitkanen 23) at 2:22
3. Blackhawks , Tyler Johnson 24 (Antoine Roussel 41) at 7:20
Penalties :
No Penalty
2nd period
4. Jets , Derek Stepan 26 (Corey Perry 37, Eric Gelinas 18) at 15:33
5. Jets , Marco Scandella 12 (Benoit Pouliot 47, Derek Stepan 62) at 19:40 (PP)
Penalties :
Marco Scandella (Win) for Tripping (Minor) at 11:09, Mike Green (Chi) for Holding (Minor) at 18:33
3rd period
6. Jets , Nino Niederreiter 21 (Marco Scandella 32, Mike Richards 38) at 1:03 (PP)
7. Jets , Corey Perry 35 (Benoit Pouliot 48, Derek Stepan 63) at 1:58 (PP)
8. Jets , Benoit Pouliot 39 (Derek Stepan 64, Corey Perry 38) at 4:41
9. Blackhawks , Peter Regin 14 (Tomas Fleischmann 10, Mike Green 39) at 9:47
10. Blackhawks , Antoine Roussel 24 (Mike Green 40, Tyler Johnson 35) at 10:54 (PP)
Penalties :
Chris Kreider (Chi) for Hooking (Minor) at 0:46, Zac Rinaldo (Chi) for Interference (Minor) at 1:55, Marco Scandella (Win) for Roughing (Minor) at 4:54, Derek Stepan (Win) for Holding (Minor) at 9:54, Joni Pitkanen (Chi) for Hooking (Minor) at 18:28
Goalie Stats
Jimmy Howard (Chi), 33 saves from 39 shots - (0.846), L, 28-30-5, 60:00 minutes
Jonathan Bernier (Win), 30 saves from 34 shots - (0.882), W, 28-13-4, 60:00 minutes
Players Stats for Blackhawks
Player Name G A P +/- PIM S H SB GA TA FO MP PP MP PK MP
------------------------------------------------------------------------------------
Antoine Roussel 1 1 2 1 0 2 2 0 1 1 0/0 16:15 2:03 0:00
Bobby Ryan 0 0 0 1 0 3 1 0 0 1 0/0 16:15 2:03 0:00
Cam Janssen 0 0 0 1 0 0 3 0 0 0 0/0 10:54 0:00 0:00
Chris Kreider 0 0 0 -2 2 7 3 0 0 0 1/3 22:18 2:55 0:27
Daniel Cleary 0 0 0 0 0 4 1 0 0 0 0/0 8:01 0:00 0:00
Denis Grebeshkov 0 0 0 -2 0 1 2 1 0 1 0/0 17:51 1:16 0:56
Derick Brassard 0 0 0 -2 0 2 2 0 1 2 19/35 24:23 2:55 2:31
Hampus Lindholm 0 0 0 1 0 0 0 1 0 0 0/0 13:53 0:00 1:42
Joni Pitkanen 0 1 1 1 2 4 0 1 0 0 0/0 29:22 3:42 1:27
Kevin Marshall 0 0 0 1 0 1 1 1 0 0 0/0 12:11 0:00 0:00
Lasse Kukkonen 0 0 0 -2 0 1 0 0 0 1 0/0 17:47 1:16 0:52
Mason Raymond 0 0 0 0 0 0 1 0 1 0 1/1 8:01 0:00 0:00
Mike Green 0 3 3 1 2 3 0 1 0 1 0/0 28:54 3:42 0:59
Peter Regin 2 0 2 1 0 2 0 1 0 0 3/7 10:54 0:00 0:00
Rick Nash 0 0 0 -2 0 1 2 0 0 0 3/4 24:23 2:55 2:31
Tomas Fleischmann 0 1 1 1 0 0 1 0 0 0 0/1 10:54 0:00 0:00
Tyler Johnson 1 1 2 1 0 3 0 0 0 0 7/19 16:42 2:03 0:27
Zac Rinaldo 0 0 0 0 2 0 0 1 1 1 0/1 8:00 0:00 0:00
Players Stats for Jets
Player Name G A P +/- PIM S H SB GA TA FO MP PP MP PK MP
------------------------------------------------------------------------------------
Benoit Pouliot 1 2 3 3 0 3 2 0 1 0 1/1 20:29 2:01 0:55
Corey Perry 2 2 4 3 0 3 0 1 1 1 0/1 20:51 2:01 1:12
Derek Roy 0 0 0 -1 0 1 2 0 0 0 9/11 13:50 0:00 1:31
Derek Stepan 1 3 4 3 2 4 2 0 1 0 14/31 19:29 2:01 0:00
Eric Gelinas 0 1 1 1 0 2 1 0 0 0 0/0 20:08 0:57 3:17
Erik Haula 0 0 0 -2 0 2 0 1 0 0 0/5 18:33 0:57 2:31
Jacob Trouba 0 1 1 1 0 2 1 2 0 1 0/0 18:19 0:00 2:17
Jared Spurgeon 0 0 0 0 0 2 0 1 1 0 0/0 13:36 0:57 0:09
Joe Colborne 0 0 0 0 0 1 0 0 0 1 1/2 7:02 0:00 0:00
Justin Braun 0 0 0 0 0 1 1 0 1 0 0/0 13:59 0:00 1:32
Kevin Hayes 0 0 0 0 0 0 1 0 0 0 0/0 7:02 0:00 0:00
Lee Stempniak 0 0 0 -2 0 3 0 0 0 0 1/1 15:05 0:00 0:00
Marco Scandella 1 1 2 -1 4 3 1 3 0 0 0/0 26:55 2:01 1:00
Marcus Johansson 0 0 0 -1 0 1 1 0 0 0 0/0 12:26 0:00 0:02
Mike Richards 0 1 1 -2 0 2 2 0 1 1 11/17 16:50 0:57 0:48
Nino Niederreiter 1 0 1 -1 0 5 2 0 1 0 0/2 16:18 0:57 3:06
Ronalds Kenins 0 0 0 0 0 3 2 0 0 0 0/0 7:02 0:00 0:00
Tyler Myers 0 0 0 -1 0 1 2 2 1 0 0/0 27:05 2:01 1:32
3 Stars
1 - Corey Perry (Win)
2 - Derek Stepan (Win)
3 - Benoit Pouliot (Win)
Power Play
Blackhawks - 1 on 3 Attempt(s) - 33.33%
Jets - 3 on 4 Attempt(s) - 75.00%
Penalty Kill
Blackhawks - 1 on 4 Attempt(s) - 25.00%
- Score 0 goal in Penalty Kill
Jets - 2 on 3 Attempt(s) - 66.67%
- Score 0 goal in Penalty Kill
Team Stat
Blackhawks - Hits : 19 - Faceoff Wins : 34 - Blocked Shots : 7 - Penalty Minutes : 8
Jets - Hits : 20 - Faceoff Wins : 37 - Blocked Shots : 10 - Penalty Minutes : 6
Official
Referees : Unknown
Linesman : Unknown
Game Notes
No Game Note
Finance
Level 1 -- Attendance: 5909 (98.48%) -- Ticket Income $537,719
Level 2 -- Attendance: 4447 (88.94%) -- Ticket Income $231,244
Level 3 -- Attendance: 1563 (78.15%) -- Ticket Income $59,394
Level 4 -- Attendance: 4000 (100.00%) -- Ticket Income $104,000
Luxury Box -- Attendance: 949 (94.90%) -- Ticket Income $155,636
Game was played at the MTS Center.
Total Attendance: 16868 (93.71%)
Total Ticket Income: $1,087,993
Other Income: $163,199
Total Income: $1,251,192
Blackhawks
5 vs 5 Forward
Center Left Wing Right Wing Time % Phy DF OF
1 Derick Brassard Chris Kreider Rick Nash 40 1 2 2
2 Tyler Johnson Antoine Roussel Bobby Ryan 30 1 2 2
3 Peter Regin Tomas Fleischmann Cam Janssen 20 1 2 2
4 Zac Rinaldo Mason Raymond Daniel Cleary 10 1 2 2
5 vs 5 Defense
Defense Defense Time % Phy DF OF
1 Mike Green Joni Pitkanen 40 1 2 2
2 Denis Grebeshkov Lasse Kukkonen 30 1 2 2
3 Kevin Marshall Hampus Lindholm 20 1 2 2
4 Mike Green Joni Pitkanen 10 1 2 2
PowerPlay Forward
Center Left Wing Right Wing Time % Phy DF OF
1 Derick Brassard Chris Kreider Rick Nash 60 1 2 2
2 Tyler Johnson Antoine Roussel Bobby Ryan 40 1 2 2
PowerPlay Defense
Defense Defense Time % Phy DF OF
1 Mike Green Joni Pitkanen 60 1 2 2
2 Denis Grebeshkov Lasse Kukkonen 40 1 2 2
Penalty Kill 4 Players Forward
Center Wing Time % Phy DF OF
1 Rick Nash Derick Brassard 60 1 2 2
2 Tyler Johnson Chris Kreider 40 1 2 2
Penalty Kill 4 Players Defense
Defense Defense Time % Phy DF OF
1 Mike Green Joni Pitkanen 60 1 2 2
2 Denis Grebeshkov Lasse Kukkonen 40 1 2 2
Penalty Kill - 3 Players Forward
Forward Time % Phy DF OF
1 Rick Nash 60 1 2 2
2 Derick Brassard 40 1 2 2
Penalty Kill - 3 Players Defense
Defense Defense Time % Phy DF OF
1 Mike Green Joni Pitkanen 60 1 2 2
2 Denis Grebeshkov Lasse Kukkonen 40 1 2 2
4 vs 4 Forward
Center Wing Time % Phy DF OF
1 Rick Nash Derick Brassard 60 1 2 2
2 Tyler Johnson Chris Kreider 40 1 2 2
4 vs 4 Defense
Defense Defense Time % Phy DF OF
1 Mike Green Joni Pitkanen 60 1 2 2
2 Denis Grebeshkov Lasse Kukkonen 40 1 2 2
Last Minutes Offensive
Center Left Wing Right Wing Defense Defense
Derick Brassard Chris Kreider Rick Nash Mike Green Joni Pitkanen
Last Minutes Defensive
Center Left Wing Right Wing Defense Defense
Derick Brassard Chris Kreider Rick Nash Mike Green Joni Pitkanen
Goaltenders
Starting : Jimmy Howard
Backup : Al Montoya
Extra Forwards
Normal : Peter Regin, Tomas Fleischmann, Cam Janssen - PP : Peter Regin, Tomas Fleischmann - PK : Cam Janssen
Extra Defensemen
Normal : Kevin Marshall, Hampus Lindholm, Denis Grebeshkov - PP : Kevin Marshall - PK : Hampus Lindholm, Denis Grebeshkov
Penalty Shots
Rick Nash, Derick Brassard, Tyler Johnson, Chris Kreider, Bobby Ryan
Scratches
Craig Cunningham (Healthy), Carl Hagelin (Healthy)
Jets
5 vs 5 Forward
Center Left Wing Right Wing Time % Phy DF OF
1 Derek Stepan Benoit Pouliot Corey Perry 35 1 2 2
2 Mike Richards Erik Haula Lee Stempniak 32 1 2 2
3 Derek Roy Marcus Johansson Nino Niederreiter 23 2 1 2
4 Joe Colborne Ronalds Kenins Kevin Hayes 10 1 2 2
5 vs 5 Defense
Defense Defense Time % Phy DF OF
1 Marco Scandella Tyler Myers 38 1 2 2
2 Jacob Trouba Eric Gelinas 30 1 2 2
3 Jared Spurgeon Justin Braun 22 1 2 2
4 Marco Scandella Tyler Myers 10 1 2 2
PowerPlay Forward
Center Left Wing Right Wing Time % Phy DF OF
1 Derek Stepan Benoit Pouliot Corey Perry 60 0 0 5
2 Mike Richards Erik Haula Nino Niederreiter 40 0 1 4
PowerPlay Defense
Defense Defense Time % Phy DF OF
1 Marco Scandella Tyler Myers 60 0 1 4
2 Eric Gelinas Jared Spurgeon 40 0 1 4
Penalty Kill 4 Players Forward
Center Wing Time % Phy DF OF
1 Erik Haula Nino Niederreiter 60 0 4 1
2 Derek Roy Mike Richards 40 0 4 1
Penalty Kill 4 Players Defense
Defense Defense Time % Phy DF OF
1 Marco Scandella Eric Gelinas 60 1 4 0
2 Tyler Myers Jacob Trouba 40 1 4 0
Penalty Kill - 3 Players Forward
Forward Time % Phy DF OF
1 Erik Haula 60 0 4 1
2 Nino Niederreiter 40 0 4 1
Penalty Kill - 3 Players Defense
Defense Defense Time % Phy DF OF
1 Marco Scandella Eric Gelinas 60 1 4 0
2 Jacob Trouba Tyler Myers 40 0 5 0
4 vs 4 Forward
Center Wing Time % Phy DF OF
1 Derek Stepan Corey Perry 60 1 2 2
2 Mike Richards Benoit Pouliot 40 1 2 2
4 vs 4 Defense
Defense Defense Time % Phy DF OF
1 Tyler Myers Marco Scandella 60 1 2 2
2 Jacob Trouba Eric Gelinas 40 1 2 2
Last Minutes Offensive
Center Left Wing Right Wing Defense Defense
Derek Stepan Benoit Pouliot Corey Perry Tyler Myers Marco Scandella
Last Minutes Defensive
Center Left Wing Right Wing Defense Defense
Derek Roy Erik Haula Nino Niederreiter Marco Scandella Tyler Myers
Goaltenders
Starting : Jonathan Bernier
Backup : Kari Lehtonen
Extra Forwards
Normal : Benoit Pouliot, Derek Stepan, Corey Perry - PP : Benoit Pouliot, Derek Stepan - PK : Corey Perry
Extra Defensemen
Normal : Tyler Myers, Marco Scandella, Eric Gelinas - PP : Marco Scandella - PK : Marco Scandella, Eric Gelinas
Penalty Shots
Benoit Pouliot, Mike Richards, Corey Perry, Derek Stepan, Erik Haula
Scratches
Matt Cooke (Healthy)
% Time on Ice - Blackhawks
Lines # - Real PCT - Wanted PCT - Time Play
Normal Forward
1 - 36% - 40% - 18:57
2 - 27% - 30% - 14:12
3 - 21% - 20% - 10:54
4 - 15% - 10% - 8:01
Normal Defense
1 - 40% - 40% - 20:40
2 - 30% - 30% - 15:39
3 - 23% - 20% - 12:11
4 - 7% - 10% - 3:34
PP Forward
1 - 59% - 60% - 2:55
2 - 41% - 40% - 2:03
PP Defense
1 - 74% - 60% - 3:42
2 - 26% - 40% - 1:16
PK Forward
1 - 85% - 60% - 2:31
2 - 15% - 40% - 0:27
PK Defense
1 - 71% - 60% - 2:06
2 - 29% - 40% - 0:52
PK3 Forward
1 - 0% - 60%
2 - 0% - 40%
PK3 Defense
1 - 0% - 60%
2 - 0% - 40%
44 Forward
1 - 0% - 60%
2 - 0% - 40%
44 Defense
1 - 0% - 60%
2 - 0% - 40%
Last Minute Offensive - 0:00
Last Minute Defensive - 0:00
Total
Forward - 60:00
Defense - 60:00
|
% Time on Ice - Jets
Lines # - Real PCT - Wanted PCT - Time Play
Normal Forward
1 - 34% - 35% - 17:42
2 - 29% - 32% - 15:05
3 - 24% - 23% - 12:15
4 - 14% - 10% - 7:02
Normal Defense
1 - 38% - 38% - 19:57
2 - 31% - 30% - 15:54
3 - 23% - 22% - 11:50
4 - 8% - 10% - 4:23
PP Forward
1 - 68% - 60% - 2:01
2 - 32% - 40% - 0:57
PP Defense
1 - 68% - 60% - 2:01
2 - 32% - 40% - 0:57
PK Forward
1 - 84% - 60% - 4:10
2 - 16% - 40% - 0:48
PK Defense
1 - 100% - 60% - 4:58
2 - 0% - 40% - 0:00
PK3 Forward
1 - 0% - 60%
2 - 0% - 40%
PK3 Defense
1 - 0% - 60%
2 - 0% - 40%
44 Forward
1 - 0% - 60%
2 - 0% - 40%
44 Defense
1 - 0% - 60%
2 - 0% - 40%
Last Minute Offensive - 0:00
Last Minute Defensive - 0:00
Total
Forward - 60:00
Defense - 60:00
|
Play-by-Play
1st period
0:01 of 1st period - Derek Stepan wins face-off versus Chris Kreider in neutral zone.
0:06 of 1st period - Slapshot by Corey Perry.
0:06 of 1st period - Shot Hit the Post.
0:16 of 1st period - Derek Stepan is hit by Chris Kreider and loses puck.
0:34 of 1st period - Snap shot by Corey Perry.
0:34 of 1st period - Shot Misses the Net.
0:40 of 1st period - Wrist shot by Corey Perry.
0:40 of 1st period - Goal by Corey Perry - Blackhawks : 0 - Jets : 1.
0:41 of 1st period - Mike Richards wins face-off versus Tyler Johnson in neutral zone.
0:46 of 1st period - Tyler Johnson is hit by Mike Richards.
1:14 of 1st period - Icing by Marco Scandella.
1:15 of 1st period - Derek Roy wins face-off versus Derick Brassard in Jets zone.
1:22 of 1st period - Wrist shot by Derek Roy.
1:22 of 1st period - Stopped by Jimmy Howard without a rebound.
1:23 of 1st period - Joe Colborne wins face-off versus Derick Brassard in Blackhawks zone.
1:32 of 1st period - Wrist shot by Joe Colborne.
1:32 of 1st period - Shot Blocked by Kevin Marshall.
1:34 of 1st period - Slapshot by Jacob Trouba.
1:34 of 1st period - Stopped by Jimmy Howard with a rebound.
1:55 of 1st period - Off-side.
1:56 of 1st period - Derek Roy wins face-off versus Tyler Johnson in neutral zone.
2:05 of 1st period - Wrist shot by Nino Niederreiter.
2:05 of 1st period - Shot Misses the Net.
2:07 of 1st period - Snap shot by Nino Niederreiter.
2:07 of 1st period - Deflect By Derek Roy.
2:07 of 1st period - Shot Misses the Net.
2:07 of 1st period - Puck is out of play.
2:08 of 1st period - Mike Richards wins face-off versus Peter Regin in Blackhawks zone.
2:09 of 1st period - Snap shot by Lee Stempniak.
2:09 of 1st period - Deflect By Erik Haula.
2:09 of 1st period - Stopped by Jimmy Howard with a rebound.
2:12 of 1st period - Icing by Cam Janssen.
2:13 of 1st period - Mike Richards wins face-off versus Peter Regin in Blackhawks zone.
2:14 of 1st period - Snap shot by Lee Stempniak.
2:14 of 1st period - Stopped by Jimmy Howard with a rebound.
2:20 of 1st period - Slapshot by Mike Green.
2:20 of 1st period - Shot Misses the Net.
2:22 of 1st period - Wrist shot by Peter Regin.
2:22 of 1st period - Goal by Peter Regin - Blackhawks : 1 - Jets : 1.
2:23 of 1st period - Derek Stepan wins face-off versus Tyler Johnson in neutral zone.
3:21 of 1st period - Wrist shot by Derick Brassard.
3:21 of 1st period - Shot Blocked by Jared Spurgeon.
3:23 of 1st period - Slapshot by Joni Pitkanen.
3:23 of 1st period - Stopped by Jonathan Bernier with a rebound.
3:58 of 1st period - Slapshot by Benoit Pouliot.
3:58 of 1st period - Stopped by Jimmy Howard with a rebound.
4:00 of 1st period - Snap shot by Justin Braun.
4:00 of 1st period - Stopped by Jimmy Howard with a rebound.
4:02 of 1st period - Slapshot by Justin Braun.
4:02 of 1st period - Deflect By Corey Perry.
4:02 of 1st period - Stopped by Jimmy Howard without a rebound.
4:03 of 1st period - Mike Richards wins face-off versus Derick Brassard in Blackhawks zone.
4:16 of 1st period - Slapshot by Lee Stempniak.
4:16 of 1st period - Stopped by Jimmy Howard with a rebound.
4:32 of 1st period - Snap shot by Bobby Ryan.
4:32 of 1st period - Stopped by Jonathan Bernier with a rebound.
4:34 of 1st period - Slapshot by Bobby Ryan.
4:34 of 1st period - Stopped by Jonathan Bernier without a rebound.
4:35 of 1st period - Peter Regin wins face-off versus Derek Stepan in Jets zone.
4:36 of 1st period - Slapshot by Mike Green.
4:36 of 1st period - Shot Blocked by Jacob Trouba.
4:46 of 1st period - Eric Gelinas is hit by Tomas Fleischmann and loses puck.
5:43 of 1st period - Snap shot by Daniel Cleary.
5:43 of 1st period - Stopped by Jonathan Bernier with a rebound.
6:03 of 1st period - Justin Braun is hit by Cam Janssen and loses puck.
6:23 of 1st period - Chris Kreider is hit by Nino Niederreiter and loses puck.
6:32 of 1st period - Snap shot by Derek Roy.
6:32 of 1st period - Shot Misses the Net.
6:34 of 1st period - Slapshot by Nino Niederreiter.
6:34 of 1st period - Stopped by Jimmy Howard without a rebound.
6:35 of 1st period - Mike Richards wins face-off versus Tyler Johnson in Blackhawks zone.
6:46 of 1st period - Slapshot by Antoine Roussel.
6:46 of 1st period - Stopped by Jonathan Bernier without a rebound.
6:47 of 1st period - Derek Stepan wins face-off versus Derick Brassard in Jets zone.
6:47 of 1st period - Derek Stepan is hit by Denis Grebeshkov.
7:20 of 1st period - Wrist shot by Antoine Roussel.
7:20 of 1st period - Deflect By Tyler Johnson.
7:20 of 1st period - Goal by Tyler Johnson - Blackhawks : 2 - Jets : 1.
7:21 of 1st period - Derek Roy wins face-off versus Derick Brassard in neutral zone.
7:24 of 1st period - Slapshot by Marco Scandella.
7:24 of 1st period - Stopped by Jimmy Howard with a rebound.
7:34 of 1st period - Marcus Johansson is hit by Chris Kreider and loses puck.
9:32 of 1st period - Rick Nash is hit by Ronalds Kenins and loses puck.
9:39 of 1st period - Wrist shot by Ronalds Kenins.
9:39 of 1st period - Stopped by Jimmy Howard without a rebound.
9:40 of 1st period - Tyler Johnson wins face-off versus Mike Richards in Blackhawks zone.
9:42 of 1st period - Icing by Antoine Roussel.
9:43 of 1st period - Mike Richards wins face-off versus Tyler Johnson in Blackhawks zone.
10:50 of 1st period - Icing by Eric Gelinas.
10:51 of 1st period - Derek Roy wins face-off versus Peter Regin in Jets zone.
10:58 of 1st period - Wrist shot by Erik Haula.
10:58 of 1st period - Shot Misses the Net.
11:00 of 1st period - Wrist shot by Mike Richards.
11:00 of 1st period - Shot Misses the Net.
11:02 of 1st period - Snap shot by Erik Haula.
11:02 of 1st period - Shot Misses the Net.
11:04 of 1st period - Slapshot by Eric Gelinas.
11:04 of 1st period - Shot Blocked by Denis Grebeshkov.
11:06 of 1st period - Slapshot by Eric Gelinas.
11:06 of 1st period - Deflect By Peter Regin.
11:06 of 1st period - Stopped by Jimmy Howard with a rebound.
11:20 of 1st period - Wrist shot by Benoit Pouliot.
11:20 of 1st period - Stopped by Jimmy Howard with a rebound.
11:22 of 1st period - Slapshot by Marco Scandella.
11:22 of 1st period - Shot Misses the Net.
11:24 of 1st period - Snap shot by Corey Perry.
11:24 of 1st period - Shot Misses the Net.
11:42 of 1st period - Snap shot by Tyler Johnson.
11:42 of 1st period - Deflect By Antoine Roussel.
11:42 of 1st period - Shot Misses the Net.
11:42 of 1st period - Puck is out of play.
11:43 of 1st period - Derek Roy wins face-off versus Tyler Johnson in Jets zone.
11:52 of 1st period - Kevin Marshall is hit by Eric Gelinas and loses puck.
12:50 of 1st period - Wrist shot by Tyler Johnson.
12:50 of 1st period - Deflect By Antoine Roussel.
12:50 of 1st period - Shot Misses the Net.
12:50 of 1st period - Puck is out of play.
12:51 of 1st period - Derek Stepan wins face-off versus Derick Brassard in Jets zone.
13:49 of 1st period - Tyler Myers is hit by Daniel Cleary and loses puck.
14:06 of 1st period - Slapshot by Marco Scandella.
14:06 of 1st period - Shot Misses the Net.
15:35 of 1st period - Wrist shot by Derek Stepan.
15:35 of 1st period - Stopped by Jimmy Howard with a rebound.
15:56 of 1st period - Wrist shot by Mason Raymond.
15:56 of 1st period - Shot Misses the Net.
15:58 of 1st period - Wrist shot by Daniel Cleary.
15:58 of 1st period - Stopped by Jonathan Bernier with a rebound.
16:12 of 1st period - Kevin Hayes is hit by Derick Brassard.
16:35 of 1st period - Denis Grebeshkov is hit by Tyler Myers and loses puck.
17:44 of 1st period - Snap shot by Ronalds Kenins.
17:44 of 1st period - Stopped by Jimmy Howard without a rebound.
17:45 of 1st period - Mason Raymond wins face-off versus Joe Colborne in Blackhawks zone.
17:47 of 1st period - Icing by Daniel Cleary.
17:48 of 1st period - Benoit Pouliot wins face-off versus Zac Rinaldo in Blackhawks zone.
18:05 of 1st period - Snap shot by Derek Stepan.
18:05 of 1st period - Shot Blocked by Zac Rinaldo.
18:23 of 1st period - Snap shot by Chris Kreider.
18:23 of 1st period - Shot Misses the Net.
19:26 of 1st period - Snap shot by Daniel Cleary.
19:26 of 1st period - Deflect By Mason Raymond.
19:26 of 1st period - Shot Misses the Net.
19:26 of 1st period - Puck is out of play.
19:27 of 1st period - Mike Richards wins face-off versus Derick Brassard in Jets zone.
19:34 of 1st period - Wrist shot by Mike Richards.
19:34 of 1st period - Stopped by Jimmy Howard without a rebound.
19:35 of 1st period - Mike Richards wins face-off versus Derick Brassard in Blackhawks zone.
Goals for this period are 2 for Blackhawks vs 1 for Jets.
Shots for this period are 8 for Blackhawks vs 17 for Jets.
2nd period
0:01 of 2nd period - Derek Stepan wins face-off versus Derick Brassard in neutral zone.
0:08 of 2nd period - Wrist shot by Benoit Pouliot.
0:08 of 2nd period - Shot Misses the Net.
0:17 of 2nd period - Off-side.
0:18 of 2nd period - Tyler Johnson wins face-off versus Mike Richards in neutral zone.
0:27 of 2nd period - Wrist shot by Lee Stempniak.
0:27 of 2nd period - Stopped by Jimmy Howard without a rebound.
0:28 of 2nd period - Tyler Johnson wins face-off versus Mike Richards in Blackhawks zone.
1:05 of 2nd period - Snap shot by Mike Richards.
1:05 of 2nd period - Shot Misses the Net.
1:49 of 2nd period - Wrist shot by Mike Richards.
1:49 of 2nd period - Stopped by Jimmy Howard with a rebound.
1:51 of 2nd period - Slapshot by Tyler Myers.
1:51 of 2nd period - Stopped by Jimmy Howard with a rebound.
2:03 of 2nd period - Slapshot by Lee Stempniak.
2:03 of 2nd period - Shot Blocked by Mike Green.
2:05 of 2nd period - Slapshot by Marco Scandella.
2:05 of 2nd period - Stopped by Jimmy Howard without a rebound.
2:06 of 2nd period - Derick Brassard wins face-off versus Derek Stepan in Blackhawks zone.
2:33 of 2nd period - Peter Regin is hit by Derek Roy and loses puck.
2:40 of 2nd period - Eric Gelinas is hit by Cam Janssen and loses puck.
3:22 of 2nd period - Rick Nash is hit by Benoit Pouliot and loses puck.
3:54 of 2nd period - Zac Rinaldo is hit by Jacob Trouba.
3:58 of 2nd period - Denis Grebeshkov is hit by Ronalds Kenins and loses puck.
4:42 of 2nd period - Kevin Hayes is hit by Cam Janssen and loses puck.
6:27 of 2nd period - Tyler Johnson is hit by Marcus Johansson and loses puck.
6:44 of 2nd period - Wrist shot by Antoine Roussel.
6:44 of 2nd period - Shot Misses the Net.
6:46 of 2nd period - Wrist shot by Bobby Ryan.
6:46 of 2nd period - Stopped by Jonathan Bernier without a rebound.
6:47 of 2nd period - Derick Brassard wins face-off versus Derek Stepan in Jets zone.
6:50 of 2nd period - Snap shot by Chris Kreider.
6:50 of 2nd period - Stopped by Jonathan Bernier without a rebound.
6:51 of 2nd period - Derick Brassard wins face-off versus Derek Stepan in Jets zone.
7:06 of 2nd period - Snap shot by Chris Kreider.
7:06 of 2nd period - Shot Misses the Net.
7:08 of 2nd period - Slapshot by Kevin Marshall.
7:08 of 2nd period - Stopped by Jonathan Bernier without a rebound.
7:09 of 2nd period - Peter Regin wins face-off versus Mike Richards in Jets zone.
9:02 of 2nd period - Slapshot by Eric Gelinas.
9:02 of 2nd period - Stopped by Jimmy Howard with a rebound.
9:04 of 2nd period - Wrist shot by Benoit Pouliot.
9:04 of 2nd period - Shot Misses the Net.
9:14 of 2nd period - Benoit Pouliot is hit by Derick Brassard and loses puck.
9:21 of 2nd period - Eric Gelinas is hit by Denis Grebeshkov and loses puck.
9:45 of 2nd period - Snap shot by Derek Stepan.
9:45 of 2nd period - Stopped by Jimmy Howard without a rebound.
9:46 of 2nd period - Mike Richards wins face-off versus Tyler Johnson in Blackhawks zone.
11:09 of 2nd period - Minor Penalty to Marco Scandella for Tripping.
11:10 of 2nd period - Derick Brassard wins face-off versus Nino Niederreiter in Jets zone.
11:22 of 2nd period - Wrist shot by Chris Kreider.
11:22 of 2nd period - Shot Blocked by Corey Perry.
11:24 of 2nd period - Slapshot by Mike Green.
11:24 of 2nd period - Stopped by Jonathan Bernier without a rebound.
11:25 of 2nd period - Chris Kreider wins face-off versus Corey Perry in Jets zone.
12:04 of 2nd period - Slapshot by Tyler Johnson.
12:04 of 2nd period - Shot Misses the Net.
13:09 of 2nd period - Penalty to Marco Scandella is over, Marco Scandella is back on ice.
13:50 of 2nd period - Denis Grebeshkov is hit by Derek Stepan and loses puck.
15:08 of 2nd period - Slapshot by Tyler Johnson.
15:08 of 2nd period - Stopped by Jonathan Bernier without a rebound.
15:09 of 2nd period - Derek Roy wins face-off versus Tyler Johnson in Jets zone.
15:16 of 2nd period - Wrist shot by Marcus Johansson.
15:16 of 2nd period - Stopped by Jimmy Howard with a rebound.
15:18 of 2nd period - Slapshot by Eric Gelinas.
15:18 of 2nd period - Shot Misses the Net.
15:20 of 2nd period - Slapshot by Eric Gelinas.
15:20 of 2nd period - Deflect By Marcus Johansson.
15:20 of 2nd period - Shot Misses the Net.
15:20 of 2nd period - Puck is out of play.
15:21 of 2nd period - Derick Brassard wins face-off versus Derek Stepan in Blackhawks zone.
15:26 of 2nd period - Eric Gelinas is hit by Rick Nash and loses puck.
15:33 of 2nd period - Wrist shot by Derek Stepan.
15:33 of 2nd period - Goal by Derek Stepan - Blackhawks : 2 - Jets : 2.
15:34 of 2nd period - Derick Brassard wins face-off versus Derek Stepan in neutral zone.
15:34 of 2nd period - Mike Green is hit by Derek Stepan and loses puck.
16:02 of 2nd period - Lee Stempniak is hit by Bobby Ryan.
17:17 of 2nd period - Backhand shot by Joe Colborne.
17:17 of 2nd period - Stopped by Jimmy Howard with a rebound.
17:19 of 2nd period - Slapshot by Jared Spurgeon.
17:19 of 2nd period - Stopped by Jimmy Howard without a rebound.
17:20 of 2nd period - Tyler Johnson wins face-off versus Mike Richards in Blackhawks zone.
17:51 of 2nd period - Wrist shot by Chris Kreider.
17:51 of 2nd period - Stopped by Jonathan Bernier without a rebound.
17:52 of 2nd period - Derick Brassard wins face-off versus Derek Stepan in Jets zone.
18:19 of 2nd period - Lee Stempniak is hit by Antoine Roussel and loses puck.
18:30 of 2nd period - Snap shot by Bobby Ryan.
18:30 of 2nd period - Shot Blocked by Jacob Trouba.
18:32 of 2nd period - Slapshot by Mike Green.
18:32 of 2nd period - Stopped by Jonathan Bernier with a rebound.
18:33 of 2nd period - Minor Penalty to Mike Green for Holding.
18:34 of 2nd period - Rick Nash wins face-off versus Derek Stepan in Blackhawks zone.
18:40 of 2nd period - Icing by Derek Stepan.
18:41 of 2nd period - Rick Nash wins face-off versus Derek Stepan in Jets zone.
18:46 of 2nd period - Slapshot by Rick Nash.
18:46 of 2nd period - Shot Misses the Net.
19:36 of 2nd period - Snap shot by Benoit Pouliot.
19:36 of 2nd period - Shot Misses the Net.
19:38 of 2nd period - Wrist shot by Benoit Pouliot.
19:38 of 2nd period - Shot Misses the Net.
19:40 of 2nd period - Slapshot by Marco Scandella.
19:40 of 2nd period - Goal by Marco Scandella - Blackhawks : 2 - Jets : 3.
19:41 of 2nd period - Lee Stempniak wins face-off versus Tyler Johnson in neutral zone.
Goals for this period are 0 for Blackhawks vs 2 for Jets.
Shots for this period are 7 for Blackhawks vs 11 for Jets.
3rd period
0:01 of 3rd period - Derek Stepan wins face-off versus Derick Brassard in neutral zone.
0:13 of 3rd period - Wrist shot by Chris Kreider.
0:13 of 3rd period - Stopped by Jonathan Bernier without a rebound.
0:14 of 3rd period - Derick Brassard wins face-off versus Derek Stepan in Jets zone.
0:21 of 3rd period - Derick Brassard is hit by Tyler Myers and loses puck.
0:40 of 3rd period - Derick Brassard is hit by Benoit Pouliot and loses puck.
0:46 of 3rd period - Minor Penalty to Chris Kreider for Hooking.
0:47 of 3rd period - Rick Nash wins face-off versus Mike Richards in Blackhawks zone.
0:59 of 3rd period - Snap shot by Nino Niederreiter.
0:59 of 3rd period - Shot Blocked by Joni Pitkanen.
1:01 of 3rd period - Slapshot by Marco Scandella.
1:01 of 3rd period - Shot Misses the Net.
1:03 of 3rd period - Wrist shot by Nino Niederreiter.
1:03 of 3rd period - Goal by Nino Niederreiter - Blackhawks : 2 - Jets : 4.
1:04 of 3rd period - Derek Stepan wins face-off versus Derick Brassard in neutral zone.
1:55 of 3rd period - Minor Penalty to Zac Rinaldo for Interference.
1:56 of 3rd period - Derek Stepan wins face-off versus Rick Nash in Blackhawks zone.
1:58 of 3rd period - Backhand shot by Corey Perry.
1:58 of 3rd period - Goal by Corey Perry - Blackhawks : 2 - Jets : 5.
1:59 of 3rd period - Derek Stepan wins face-off versus Derick Brassard in neutral zone.
2:25 of 3rd period - Icing by Marco Scandella.
2:26 of 3rd period - Derek Roy wins face-off versus Tyler Johnson in Jets zone.
3:18 of 3rd period - Joni Pitkanen is hit by Mike Richards and loses puck.
3:51 of 3rd period - Mike Green is hit by Kevin Hayes and loses puck.
4:11 of 3rd period - Snap shot by Derek Roy.
4:11 of 3rd period - Deflect By Mike Green.
4:11 of 3rd period - Shot Misses the Net.
4:11 of 3rd period - Puck is out of play.
4:12 of 3rd period - Derek Stepan wins face-off versus Derick Brassard in Blackhawks zone.
4:21 of 3rd period - Snap shot by Derek Stepan.
4:21 of 3rd period - Deflect By Benoit Pouliot.
4:21 of 3rd period - Shot Misses the Net.
4:21 of 3rd period - Puck is out of play.
4:22 of 3rd period - Derick Brassard wins face-off versus Derek Stepan in Blackhawks zone.
4:39 of 3rd period - Wrist shot by Derek Stepan.
4:39 of 3rd period - Shot Misses the Net.
4:41 of 3rd period - Snap shot by Benoit Pouliot.
4:41 of 3rd period - Goal by Benoit Pouliot - Blackhawks : 2 - Jets : 6.
4:42 of 3rd period - Derick Brassard wins face-off versus Derek Stepan in neutral zone.
4:54 of 3rd period - Minor Penalty to Marco Scandella for Roughing.
4:55 of 3rd period - Derick Brassard wins face-off versus Erik Haula in Jets zone.
6:54 of 3rd period - Penalty to Marco Scandella is over, Marco Scandella is back on ice.
7:03 of 3rd period - Tomas Fleischmann is hit by Justin Braun and loses puck.
7:24 of 3rd period - Marco Scandella is hit by Mason Raymond and loses puck.
7:33 of 3rd period - Zac Rinaldo is hit by Marco Scandella.
7:39 of 3rd period - Icing by Marco Scandella.
7:40 of 3rd period - Derek Stepan wins face-off versus Tomas Fleischmann in Jets zone.
7:49 of 3rd period - Snap shot by Tomas Fleischmann.
7:49 of 3rd period - Shot Misses the Net.
7:55 of 3rd period - Snap shot by Mike Richards.
7:55 of 3rd period - Shot Misses the Net.
7:57 of 3rd period - Snap shot by Erik Haula.
7:57 of 3rd period - Stopped by Jimmy Howard with a rebound.
8:41 of 3rd period - Snap shot by Ronalds Kenins.
8:41 of 3rd period - Stopped by Jimmy Howard without a rebound.
8:42 of 3rd period - Derek Stepan wins face-off versus Derick Brassard in Blackhawks zone.
8:52 of 3rd period - Off-side.
8:53 of 3rd period - Derick Brassard wins face-off versus Derek Stepan in neutral zone.
8:56 of 3rd period - Slapshot by Mike Green.
8:56 of 3rd period - Shot Misses the Net.
9:47 of 3rd period - Snap shot by Peter Regin.
9:47 of 3rd period - Goal by Peter Regin - Blackhawks : 3 - Jets : 6.
9:48 of 3rd period - Derek Stepan wins face-off versus Derick Brassard in neutral zone.
9:54 of 3rd period - Minor Penalty to Derek Stepan for Holding.
9:55 of 3rd period - Derick Brassard wins face-off versus Erik Haula in Jets zone.
10:06 of 3rd period - Wrist shot by Rick Nash.
10:06 of 3rd period - Stopped by Jonathan Bernier without a rebound.
10:07 of 3rd period - Derick Brassard wins face-off versus Erik Haula in Jets zone.
10:22 of 3rd period - Wrist shot by Derick Brassard.
10:22 of 3rd period - Stopped by Jonathan Bernier without a rebound.
10:23 of 3rd period - Derick Brassard wins face-off versus Erik Haula in Jets zone.
10:36 of 3rd period - Slapshot by Mike Green.
10:36 of 3rd period - Stopped by Jonathan Bernier with a rebound.
10:38 of 3rd period - Slapshot by Joni Pitkanen.
10:38 of 3rd period - Stopped by Jonathan Bernier without a rebound.
10:39 of 3rd period - Tyler Johnson wins face-off versus Nino Niederreiter in Jets zone.
10:44 of 3rd period - Snap shot by Tyler Johnson.
10:44 of 3rd period - Stopped by Jonathan Bernier without a rebound.
10:45 of 3rd period - Tyler Johnson wins face-off versus Erik Haula in Jets zone.
10:50 of 3rd period - Slapshot by Antoine Roussel.
10:50 of 3rd period - Shot Misses the Net.
10:52 of 3rd period - Slapshot by Mike Green.
10:52 of 3rd period - Shot Blocked by Marco Scandella.
10:54 of 3rd period - Wrist shot by Antoine Roussel.
10:54 of 3rd period - Goal by Antoine Roussel - Blackhawks : 4 - Jets : 6.
10:55 of 3rd period - Derick Brassard wins face-off versus Derek Stepan in neutral zone.
10:58 of 3rd period - Wrist shot by Chris Kreider.
10:58 of 3rd period - Stopped by Jonathan Bernier without a rebound.
10:59 of 3rd period - Derick Brassard wins face-off versus Derek Stepan in Jets zone.
11:00 of 3rd period - Snap shot by Chris Kreider.
11:00 of 3rd period - Shot Blocked by Marco Scandella.
11:02 of 3rd period - Wrist shot by Derick Brassard.
11:02 of 3rd period - Stopped by Jonathan Bernier without a rebound.
11:03 of 3rd period - Derick Brassard wins face-off versus Derek Stepan in Jets zone.
12:02 of 3rd period - Snap shot by Chris Kreider.
12:02 of 3rd period - Stopped by Jonathan Bernier with a rebound.
12:04 of 3rd period - Slapshot by Joni Pitkanen.
12:04 of 3rd period - Shot Blocked by Tyler Myers.
12:06 of 3rd period - Slapshot by Joni Pitkanen.
12:06 of 3rd period - Deflect By Marco Scandella.
12:06 of 3rd period - Stopped by Jonathan Bernier with a rebound.
12:08 of 3rd period - Slapshot by Joni Pitkanen.
12:08 of 3rd period - Shot Blocked by Tyler Myers.
12:10 of 3rd period - Snap shot by Derick Brassard.
12:10 of 3rd period - Shot Misses the Net.
12:28 of 3rd period - Snap shot by Chris Kreider.
12:28 of 3rd period - Stopped by Jonathan Bernier with a rebound.
12:30 of 3rd period - Slapshot by Joni Pitkanen.
12:30 of 3rd period - Stopped by Jonathan Bernier without a rebound.
12:31 of 3rd period - Mike Richards wins face-off versus Tyler Johnson in Jets zone.
12:31 of 3rd period - Mike Richards is hit by Antoine Roussel.
13:03 of 3rd period - Kevin Marshall is hit by Derek Roy and loses puck.
13:22 of 3rd period - Ronalds Kenins is hit by Kevin Marshall and loses puck.
13:27 of 3rd period - Snap shot by Daniel Cleary.
13:27 of 3rd period - Stopped by Jonathan Bernier without a rebound.
13:28 of 3rd period - Mike Richards wins face-off versus Tyler Johnson in Jets zone.
15:02 of 3rd period - Tyler Myers is hit by Chris Kreider and loses puck.
15:23 of 3rd period - Snap shot by Zac Rinaldo.
15:23 of 3rd period - Shot Misses the Net.
15:25 of 3rd period - Backhand shot by Mason Raymond.
15:25 of 3rd period - Shot Blocked by Erik Haula.
15:27 of 3rd period - Snap shot by Mason Raymond.
15:27 of 3rd period - Deflect By Daniel Cleary.
15:27 of 3rd period - Stopped by Jonathan Bernier without a rebound.
15:28 of 3rd period - Derek Roy wins face-off versus Peter Regin in Jets zone.
15:33 of 3rd period - Slapshot by Jared Spurgeon.
15:33 of 3rd period - Stopped by Jimmy Howard with a rebound.
15:35 of 3rd period - Snap shot by Nino Niederreiter.
15:35 of 3rd period - Shot Blocked by Peter Regin.
15:37 of 3rd period - Slapshot by Jared Spurgeon.
15:37 of 3rd period - Shot Blocked by Hampus Lindholm.
15:39 of 3rd period - Snap shot by Nino Niederreiter.
15:39 of 3rd period - Stopped by Jimmy Howard with a rebound.
15:41 of 3rd period - Slapshot by Jared Spurgeon.
15:41 of 3rd period - Shot Misses the Net.
16:42 of 3rd period - Snap shot by Lasse Kukkonen.
16:42 of 3rd period - Deflect By Kevin Hayes.
16:42 of 3rd period - Stopped by Jonathan Bernier with a rebound.
16:46 of 3rd period - Slapshot by Denis Grebeshkov.
16:46 of 3rd period - Shot Misses the Net.
16:48 of 3rd period - Wrist shot by Mason Raymond.
16:48 of 3rd period - Shot Misses the Net.
17:18 of 3rd period - Benoit Pouliot is hit by Rick Nash and loses puck.
17:23 of 3rd period - Slapshot by Chris Kreider.
17:23 of 3rd period - Stopped by Jonathan Bernier without a rebound.
17:24 of 3rd period - Derick Brassard wins face-off versus Derek Roy in Jets zone.
17:33 of 3rd period - Wrist shot by Derek Roy.
17:33 of 3rd period - Deflect By Nino Niederreiter.
17:33 of 3rd period - Shot Misses the Net.
17:33 of 3rd period - Puck is out of play.
17:34 of 3rd period - Derek Roy wins face-off versus Chris Kreider in Blackhawks zone.
17:37 of 3rd period - Backhand shot by Nino Niederreiter.
17:37 of 3rd period - Stopped by Jimmy Howard with a rebound.
17:41 of 3rd period - Snap shot by Derek Roy.
17:41 of 3rd period - Shot Misses the Net.
17:43 of 3rd period - Wrist shot by Jacob Trouba.
17:43 of 3rd period - Stopped by Jimmy Howard with a rebound.
17:45 of 3rd period - Snap shot by Nino Niederreiter.
17:45 of 3rd period - Stopped by Jimmy Howard without a rebound.
17:46 of 3rd period - Peter Regin wins face-off versus Derek Roy in Blackhawks zone.
18:06 of 3rd period - Cam Janssen is hit by Nino Niederreiter and loses puck.
18:19 of 3rd period - Snap shot by Chris Kreider.
18:19 of 3rd period - Shot Blocked by Marco Scandella.
18:28 of 3rd period - Minor Penalty to Joni Pitkanen for Hooking.
18:29 of 3rd period - Derek Stepan wins face-off versus Derick Brassard in Blackhawks zone.
18:39 of 3rd period - Snap shot by Derek Stepan.
18:39 of 3rd period - Stopped by Jimmy Howard with a rebound.
18:41 of 3rd period - Slapshot by Derek Stepan.
18:41 of 3rd period - Shot Misses the Net.
19:20 of 3rd period - Wrist shot by Denis Grebeshkov.
19:20 of 3rd period - Stopped by Jonathan Bernier without a rebound.
19:21 of 3rd period - Tyler Johnson wins face-off versus Derek Stepan in Jets zone.
Goals for this period are 2 for Blackhawks vs 3 for Jets.
Shots for this period are 19 for Blackhawks vs 11 for Jets.
Back to the Top